Cogmind - Beta 13 --- EXPLORER MODE // 2024.06.25 @ 23:18:54 Player: Agod Result: Self-destructed Performance ------------- Evolutions (3) 1500 Regions Visited (7) 1400 Robots Destroyed (38) 190 Value Destroyed (850) 850 Prototype IDs (6) 120 Alien Tech Used (0) 0 Bonus (229) 229 TOTAL SCORE: 4289 Bonus ------- Follower Combat Kills 229 Cogmind --------- Core Integrity 679/700 Matter 218/300 Energy 237/240 System Corruption 0% Temperature Cool (6) Movement Flying (24) Location -7/Zion Parts ------- > --- POWER (2) -------- Makeshift Power Source Makeshift Power Source > --- PROPULSION (6) --- Flight Unit Flight Unit Flight Unit Flight Unit Improved Flight Unit Improved Cesium-ion Thruster > --- UTILITY (4) ------ Improved Cooling System Medium Storage Unit Improved Signal Interpreter Microactuators > --- WEAPON (2) ------- Makeshift Axe Makeshift Spear > --- INVENTORY (10) --- Flight Unit Advanced Weight Redist. System Structural Scanner Improved Sensor Array Improved Melee Analysis Suite Actuator Array Plasma Cannon Rocket Array Great Axe GAL Module Peak State ------------ > --- POWER ------------ Makeshift Power Source Makeshift Power Source > --- PROPULSION ------- Flight Unit Flight Unit Flight Unit Flight Unit Improved Flight Unit Improved Cesium-ion Thruster > --- UTILITY ---------- Improved Cooling System Medium Storage Unit Improved Sensor Array Improved Signal Interpreter > --- WEAPON ----------- Guided Missile Launcher > --- INVENTORY -------- Flight Unit Advanced Weight Redist. System Structural Scanner Improved Melee Analysis Suite Microactuators Actuator Array Plasma Cannon Powered Hammer Makeshift Axe GAL Module [Rating: 44] Favorites ----------- Power Makeshift Power Source Engine Makeshift Power Source Propulsion Aluminum Leg Treads Spiked Treads Leg Aluminum Leg Wheel Subdweller Monowheel Flight Unit Flight Unit Utility Medium Storage Unit Device V3-11A's Pendant Storage Medium Storage Unit Processor Targeting Computer Protection Light Armor Plating Weapon Makeshift Axe Energy Gun Medium Laser Energy Cannon Plasma Cannon Ballistic Gun Assault Rifle Ballistic Cannon Battle Cannon Launcher Subdweller Shrapnel Launcher Special Weapon Mining Laser Impact Weapon Makeshift Hammer Slashing Weapon Makeshift Axe Piercing Weapon Makeshift Spear Build | -11 -10 -10 -9 -7 -7 -7 -7 ------- Run | Yrd Mat Sub Rec Fac Low Low Zio Slots Evolved 7 | . 1 . . 6 . . . Power 1 | . . . . 1 . . . Propulsion 4 | . . . . 4 . . . Utility 2 | . 1 . . 1 . . . Weapon . | . . . . . . . . Parts Attached 87 | 7 4 39 6 18 1 2 10 Power 11 | 1 1 4 . 3 . . 2 Engine 11 | 1 1 4 . 3 . . 2 Core . | . . . . . . . . Reactor . | . . . . . . . . Propulsion 22 | 2 1 9 2 8 . . . Treads 1 | . . 1 . . . . . Leg 8 | 2 1 3 2 . . . . Wheel 5 | . . 5 . . . . . Hover . | . . . . . . . . Flight 8 | . . . . 8 . . . Utility 25 | 2 1 14 1 4 . . 3 Device 13 | . . 8 . 2 . . 3 Storage 1 | 1 . . . . . . . Processor 3 | 1 . . . 2 . . . Hackware . | . . . . . . . . Protection 8 | . 1 6 1 . . . . Artifact . | . . . . . . . . Weapon 29 | 2 1 12 3 3 1 2 5 Energy Gun 1 | 1 . . . . . . . Energy Cannon 1 | . . . . . . 1 . Ballistic Gun 5 | 1 1 2 1 . . . . Ballistic Cannon 4 | . . 4 . . . . . Launcher 4 | . . 2 . . . . 2 Special Weapon 2 | . . 2 . . . . . Impact Weapon 2 | . . . 1 1 . . . Slashing Weapon 8 | . . 2 1 2 . 1 2 Piercing Weapon 2 | . . . . . 1 . 1 Special Melee Weapon . | . . . . . . . . Unidentified Prototypes 4 | . . 1 1 . . . 2 Parts Lost 3 | . . 2 . 1 . . . Power . | . . . . . . . . Propulsion 2 | . . 1 . 1 . . . Utility 1 | . . 1 . . . . . Weapon . | . . . . . . . . Highest Loss Streak 1 | . . 1 . 1 . . . To Critical Strikes . | . . . . . . . . Average Slot Usage (%) 90 | . 99 85 95 92 100 100 100 Engine 11 | . 12 11 11 11 14 14 14 Treads 4 | . . 7 5 . . . . Leg 13 | . 25 13 17 . . . . Wheel 1 | . . 2 . . . . . Flight 7 | . . . . 40 42 42 42 Device 9 | . . 12 13 5 7 7 11 Storage 11 | . 12 12 11 6 7 7 7 Processor 5 | . 12 3 . 11 14 14 9 Protection 3 | . 11 2 4 . . . . Energy Gun 1 | . 8 . . . . . . Ballistic Gun 3 | . 15 2 4 . . . . Ballistic Cannon 6 | . . 8 11 . . . . Impact Weapon 1 | . . . 4 6 1 . . Slashing Weapon 7 | . . 7 10 6 7 6 7 Naked Turns . | . . . . . . . . Heaviest Build 44 | 19 22 44 29 24 24 27 27 Greatest Support 27 | 20 20 20 23 27 27 27 27 Greatest Overweight (x) 3 | 3 1 3 2 1 . . . Average Overweight (x) . | . . . 1 . . . . Largest Inventory Capacity 10 | 10 10 10 10 10 10 10 10 Average Capacity 9 | 9 10 10 10 10 10 10 10 Most Carried 10 | 6 10 10 10 10 10 10 10 Average Carried 9 | 2 8 9 9 9 10 10 9 Final Capacity 10 | 10 10 10 10 10 10 10 10 Final Carried 10 | 6 10 10 10 10 10 10 10 Class Distribution -------------------- 76% | Hacker-Mutant 16% | Scavenger-Sprinter 6% | Commander-Mutant Dominant Class ---------------- Hacker-Mutant | -10/Materials Hacker-Mutant | -10/Subcaves Hacker-Mutant | -9/Recycling Scavenger-Sprinter | -7/Factory Scavenger-Sprinter | -7/Lower Caves Scavenger-Sprinter | -7/Lower Caves Scavenger-Sprinter | -7/Zion Resources | -11 -10 -10 -9 -7 -7 -7 -7 ----------- Run | Yrd Mat Sub Rec Fac Low Low Zio Matter Collected 2437 | 236 403 1294 281 175 10 20 18 Remotely . | . . . . . . . . Salvage Created 1339 | 50 370 341 367 193 18 . . Parts 81 | 4 28 27 14 8 . . . Haulers Intercepted 4 | . 2 . . 2 . . . Recyclers Shooed . | . . . . . . . . Parts Field Recycled . | . . . . . . . . Retrieved Matter . | . . . . . . . . Parts Self-Destructed . | . . . . . . . . Prevented . | . . . . . . . . Kills | -11 -10 -10 -9 -7 -7 -7 -7 ------- Run | Yrd Mat Sub Rec Fac Low Low Zio Combat Hostiles Destroyed 22 | . 7 10 4 1 . . . Melee 1 | . . . . 1 . . . Guns 13 | . 7 4 2 . . . . Cannons 7 | . . 5 2 . . . . AOE 1 | . . 1 . . . . . Classes Destroyed 10 | 1 5 1 2 . 1 . . Worker 1 | . 1 . . . . . . Hauler 4 | . 2 . . 2 . . . Recycler 6 | 1 1 . 4 . . . . Minesweeper 1 | . . . . . 1 . . Watcher 4 | . 2 . . 2 . . . Swarmer 6 | . 4 . 2 . . . . Grunt 3 | . 3 . . . . . . Protector 1 | . . . 1 . . . . Sentry 2 | . . . 1 1 . . . Subdweller 10 | . . 10 . . . . . Best Kill Streak 3 | 1 3 2 2 2 1 . . Combat Bots Only 3 | . 3 2 1 1 . . . Max Kills in Single Turn 1 | 1 1 1 1 1 1 . . Gunslinging . | . . . . . . . . Exploded 1 | . . 1 . . . . . Melee 1 | . . . . 1 . . . Uniques/NPCs Destroyed . | . . . . . . . . Combat | -11 -10 -10 -9 -7 -7 -7 -7 -------- Run | Yrd Mat Sub Rec Fac Low Low Zio Hostile Shots Fired 82 | . 25 35 3 18 1 . . Missed 24 | . 3 9 . 11 1 . . Damage Taken 758 | . 146 535 14 63 . . . Core 132 | . 57 54 . 21 . . . Absorbed by Shields . | . . . . . . . . Ignored by Resistances 374 | . 100 223 10 41 . . . Core Remaining (%) 77 | 100 . . 55 . . . . Volleys Fired 136 | 2 30 93 9 . . 2 . Largest 2 | 2 2 2 2 . . 1 . Hottest 100 | 70 70 100 64 . . 80 . Shots Fired 246 | 4 60 164 16 . . 2 . Gun 95 | 4 60 24 7 . . . . Cannon 140 | . . 129 9 . . 2 . Launcher 6 | . . 6 . . . . . Special 5 | . . 5 . . . . . Kinetic 227 | 2 50 159 16 . . . . Thermal 19 | 2 10 5 . . . 2 . Explosive . | . . . . . . . . Electromagnetic . | . . . . . . . . Robot Hit Streak 29 | 3 29 19 8 . . . . Robot Miss Streak 1 | . 1 1 1 . . . . Penetration Max . | . . . . . . . . Secondary Targets . | . . . . . . . . Shots Hit Robots 121 | 3 49 44 13 11 1 . . Core Hits 51 | 2 19 21 7 2 . . . Critical Kills 2 | . 1 . . 1 . . . Critical Parts Destroyed 4 | . 1 . . 2 1 . . Critical Strikes 9 | 1 3 1 . 3 1 . . Burn 2 | 1 1 . . . . . . Destroy 2 | . 2 . . . . . . Blast 1 | . . 1 . . . . . Smash 4 | . . . . 3 1 . . Melee Attacks 121 | . . 86 1 13 3 10 8 Impact 10 | . . . . 9 1 . . Slashing 101 | . . 86 1 4 1 1 8 Piercing 10 | . . . . . 1 9 . Sneak Attacks 5 | . . . 1 3 1 . . Combat Hostiles 1 | . . . . 1 . . . Follow-up Attacks 2 | . . . . 2 . . . Damage Inflicted 2482 | 36 623 860 280 537 146 . . Guns 1010 | 36 623 253 98 . . . . Cannons 596 | . . 472 124 . . . . Explosions 135 | . . 135 . . . . . Melee 741 | . . . 58 537 146 . . Ramming . | . . . . . . . . Kinetic 1589 | 11 496 860 222 . . . . Thermal 152 | 25 127 . . . . . . Explosive . | . . . . . . . . Electromagnetic . | . . . . . . . . Impact 495 | . . . . 349 146 . . Slashing 246 | . . . 58 188 . . . Piercing . | . . . . . . . . Highest Corruption . | . . . . . . . . Average Corruption . | . . . . . . . . Corruption Purged . | . . . . . . . . Corruption Blocked 1 | . . . . 1 . . . Overload Shots . | . . . . . . . . Overflow Damage 342 | . . . 31 165 146 . . Projectiles 3 | . . . 3 . . . . Explosions . | . . . . . . . . Melee 339 | . . . 28 165 146 . . Knockbacks 5 | . . 4 . 1 . . . Impact 1 | . . . . 1 . . . Kinetic 4 | . . 4 . . . . . Secondary . | . . . . . . . . Self-Inflicted Damage . | . . . . . . . . Shots . | . . . . . . . . Rammed . | . . . . . . . . Targets Rammed . | . . . . . . . . Kicked . | . . . . . . . . Crushed . | . . . . . . . . Highest Temperature 294 | 18 90 . 63 246 294 232 162 Average Temperature 68 | 10 22 . 24 66 70 88 69 Received Heat Transfer 231 | . 102 111 . 18 . . . Siege Activations . | . . . . . . . . Robots Corrupted . | . . . . . . . . Combat Hostiles . | . . . . . . . . Parts Fried 6 | . . . . 5 1 . . Impact Corruptions 7 | . . . . 4 3 . . Robots Melted . | . . . . . . . . Combat Hostiles . | . . . . . . . . Parts Melted 2 | . 1 1 . . . . . Heat Transferred 592 | 148 444 . . . . . . Parts Sabotaged . | . . . . . . . . Parts Stolen . | . . . . . . . . Parts Stripped . | . . . . . . . . Power Chain Reactions . | . . . . . . . . Alert | -11 -10 -10 -9 -7 -7 -7 -7 ------- Run | Yrd Mat Sub Rec Fac Low Low Zio Peak Influence 128 | 5 128 . 62 95 . . . Initial 2 | . 2 . . . . . . Average 34 | 2 47 . 27 30 . . . Maximum Alert Level . | . . . . . . . . Low Security (%) 100 | 100 100 . 100 100 . . . Level 1 . | . . . . . . . . Level 2 . | . . . . . . . . Level 3 . | . . . . . . . . Level 4 . | . . . . . . . . Level 5 . | . . . . . . . . High Security . | . . . . . . . . Max Security . | . . . . . . . . Squads Dispatched 1 | . . . . 1 . . . Investigation . | . . . . . . . . Extermination 1 | . . . . 1 . . . Reinforcement . | . . . . . . . . Assault . | . . . . . . . . Garrison . | . . . . . . . . Intercept . | . . . . . . . . Searches Triggered . | . . . . . . . . Construction Impeded . | . . . . . . . . Haulers Reinforced . | . . . . . . . . Active Scanning Responses . | . . . . . . . . Cargo Convoy Interrupts . | . . . . . . . . Stealth | -11 -10 -10 -9 -7 -7 -7 -7 --------- Run | Yrd Mat Sub Rec Fac Low Low Zio Distress Signals 2 | . . . 1 1 . . . Communications Jammed . | . . . . . . . . Distress Signals . | . . . . . . . . Times Spotted 58 | . 11 28 7 3 7 2 . Peak Tracking Total 5 | . 3 4 2 1 5 4 . Tactical Retreats 8 | . 1 1 . . 4 2 . Traps | -11 -10 -10 -9 -7 -7 -7 -7 ------- Run | Yrd Mat Sub Rec Fac Low Low Zio Traps Triggered 6 | . . 4 . 2 . . . Indirectly . | . . . . . . . . Trap Hack Attempts . | . . . . . . . . Triggered . | . . . . . . . . Disarmed . | . . . . . . . . Reprogrammed . | . . . . . . . . Reused . | . . . . . . . . Traps Extracted . | . . . . . . . . Installed 3 | . . 1 . . 2 . . Triggered 1 | . . . . . 1 . . Machines | -11 -10 -10 -9 -7 -7 -7 -7 ---------- Run | Yrd Mat Sub Rec Fac Low Low Zio Machines Disabled 3 | . . 2 1 . . . . Max in Single Turn . | . . . . . . . . Machines Repaired . | . . . . . . . . Machines Dismantled . | . . . . . . . . Machines Sabotaged . | . . . . . . . . Overloaded Fab Kills . | . . . . . . . . Hacking | -11 -10 -10 -9 -7 -7 -7 -7 --------- Run | Yrd Mat Sub Rec Fac Low Low Zio Machines Accessed 22 | . 4 1 11 6 . . . Terminals 13 | . 4 . 6 3 . . . Fabricators 2 | . . . . 2 . . . Repair Stations . | . . . . . . . . Recycling Units 5 | . . . 5 . . . . Scanalyzers 1 | . . . . 1 . . . Garrison Access . | . . . . . . . . Total Hacks 60 | . 12 2 34 12 . . . Successful 40 | . 6 2 25 7 . . . Failed 20 | . 6 . 9 5 . . . Catastrophic 1 | . . . . 1 . . . Database Lockouts . | . . . . . . . . Manual 40 | . 8 . 22 9 . . 1 Terminals 37 | . 12 . 18 7 . . . Fabricators 2 | . . . . 2 . . . Repair Stations . | . . . . . . . . Recycling Units 16 | . . . 16 . . . . Scanalyzers 3 | . . . . 3 . . . Garrison Access . | . . . . . . . . Terminal Hacks 9 | . 2 2 5 . . . . Record 2 | . . 2 . . . . . Part Schematic 2 | . . . 2 . . . . Branch Access Points 1 | . 1 . . . . . . Garrison Index 1 | . . . 1 . . . . Alert Level 2 | . 1 . 1 . . . . Zone Layout 1 | . . . 1 . . . . Fabricator Hacks . | . . . . . . . . Repair Station Hacks . | . . . . . . . . Recycling Unit Hacks 4 | . . . 4 . . . . Retrieve Components 4 | . . . 4 . . . . Scanalyzer 2 | . . . . 2 . . . Insert Component 2 | . . . . 2 . . . Garrison Access Hacks . | . . . . . . . . Unauthorized Hacks 25 | . 4 . 16 5 . . . Terminals 13 | . 4 . 6 3 . . . Botnet 13 | . 4 . 6 3 . . . Fabricators 2 | . . . . 2 . . . Fabnet 2 | . . . . 2 . . . Repair Stations . | . . . . . . . . Recycling Units 10 | . . . 10 . . . . Reject 5 | . . . 5 . . . . Mask 5 | . . . 5 . . . . Scanalyzers . | . . . . . . . . Garrison Access . | . . . . . . . . Data Cores Recovered . | . . . . . . . . Used . | . . . . . . . . Hacking Detections 16 | . 3 . 8 5 . . . Full Trace Events . | . . . . . . . . Feedback Events . | . . . . . . . . Feedback Blocked . | . . . . . . . . Robot Schematics Acquired 4 | . . . . . . . 4 Robots Built . | . . . . . . . . Authchips . | . . . . . . . . Time . | . . . . . . . . Total Robot Build Rating . | . . . . . . . . Part Schematics Acquired 17 | . . . 2 . . . 15 Parts Built . | . . . . . . . . Authchips . | . . . . . . . . Time . | . . . . . . . . Total Part Build Rating . | . . . . . . . . Parts Repaired . | . . . . . . . . Time . | . . . . . . . . Parts Recycled . | . . . . . . . . Recycled Matter . | . . . . . . . . Retrieved Matter . | . . . . . . . . Retrieved Components 8 | . . . 8 . . . . Parts Scanalyzed . | . . . . . . . . Part Schematics Acquired . | . . . . . . . . Parts Damaged . | . . . . . . . . Bothacking | -11 -10 -10 -9 -7 -7 -7 -7 ------------ Run | Yrd Mat Sub Rec Fac Low Low Zio Used RIF Installer . | . . . . . . . . Robots Hacked . | . . . . . . . . Non-combat . | . . . . . . . . Combat . | . . . . . . . . Robot Hacks Applied . | . . . . . . . . Relay Couplers Released . | . . . . . . . . Fabnet Peak Effective % . | . . . . . . . . Robots Rewired 8 | . . . 8 . . . . Allies Hacked . | . . . . . . . . Hacks Repelled . | . . . . . . . . Allies | -11 -10 -10 -9 -7 -7 -7 -7 -------- Run | Yrd Mat Sub Rec Fac Low Low Zio Total Allies 18 | . . 10 8 . . . . Largest Group 8 | . . 6 8 5 . . . Highest-Rated Group 146 | . . 114 146 87 . . . Highest-Rated Ally 34 | . . 19 34 34 . . . Total Orders 1 | . . . . 1 . . . STAY 1 | . . . . 1 . . . Ally Attacks 77 | . . 51 25 1 . . . Total Damage 1199 | . . 708 454 37 . . . Kills 15 | . . 8 7 . . . . Allies Corrupted . | . . . . . . . . Allies Melted . | . . . . . . . . Intel | -11 -10 -10 -9 -7 -7 -7 -7 ------- Run | Yrd Mat Sub Rec Fac Low Low Zio Robot Analysis Total . | . . . . . . . . Derelict Logs Recovered 3 | . . 2 . . . . 1 Drone Launches . | . . . . . . . . Drone Recoveries . | . . . . . . . . Exploration | -11 -10 -10 -9 -7 -7 -7 -7 ------------- Run | Yrd Mat Sub Rec Fac Low Low Zio Turns Passed 8844 | 143 1194 4785 1235 507 411 259 310 Spaces Moved 6558 | 103 450 2485 565 992 605 488 870 Core 5 | 5 . . . . . . . Treads . | . . . . . . . . Legs 2934 | 98 450 1821 565 . . . . Wheels 664 | . . 664 . . . . . Hover . | . . . . . . . . Flight 2955 | . . . . 992 605 488 870 Fastest Speed 24 | 50 120 110 120 24 24 24 24 Average Speed 102 | 118 120 168 203 25 24 24 24 Slowest Speed 330 | 200 190 330 260 108 24 24 24 Overloaded Moves . | . . . . . . . . Propulsion Burnouts . | . . . . . . . . Robots Hopped 1 | . . . . 1 . . . Cave-ins Triggered . | . . . . . . . . Exploration Rate (%) 58 | 4 57 97 92 23 68 53 77 Regions Visited 7 Branch Regions 5 Pre-discovered Areas 3 | . . 1 . . . . 2 Known Exits Taken 7 | 1 1 1 1 1 1 1 . Unknown Exits Taken . | . . . . . . . . Scrap Searched 25 | . . 17 . . 6 1 1 Spaces Dug 149 | . . 139 . 1 1 8 . Terrain Destroyed 192 | . . 181 1 1 1 8 . Melee 41 | . . 32 . 1 1 7 . Projectile 57 | . . 55 1 . . 1 . AOE 94 | . . 94 . . . . . Terrain Rammed . | . . . . . . . . Walls Destroyed . | . . . . . . . . Machines Disabled . | . . . . . . . . Actions | -11 -10 -10 -9 -7 -7 -7 -7 --------- Run | Yrd Mat Sub Rec Fac Low Low Zio Total 8299 | 117 1043 2815 636 1239 868 617 964 Wait 1231 | . 544 58 6 185 258 117 63 Move 6549 | 102 449 2484 564 989 604 487 870 Hop 1 | . . . . 1 . . . Pick Up 53 | 6 9 18 2 15 . . 3 Fast Attach 31 | 7 1 10 2 5 1 . 5 Attach 26 | . 2 9 2 12 . . 1 Detach 21 | . 1 9 . 9 . . 2 Swap 30 | . 1 20 2 1 . 2 4 Drop 56 | . 6 26 4 11 1 . 8 Fire 136 | 2 30 93 9 . . 2 . Melee 117 | . . 86 1 11 2 9 8 Ram . | . . . . . . . . Kick . | . . . . . . . . Crush . | . . . . . . . . Escape Stasis . | . . . . . . . . Rewire 44 | . . . 44 . . . . Trap 3 | . . 1 . . 2 . . Miscellaneous 1 | . . 1 . . . . . Route ------- -11/Scrapyard -10/Materials (discovered 4 exits: *Mat / *Min x2 / *Sub) -10/Subcaves (discovered 3 exits: *Mat x2 / *Rec) -9/Recycling -7/Factory -7/Lower Caves -7/Lower Caves -7/Zion History --------- Turn | Location | Event 8 | -11/Scrapyard | Identified exit to Materials 8 | -11/Scrapyard | Discovered exit to Materials (range 15) 144 | -11/Scrapyard | Entered Materials 144 | -10/Materials | Evolved 1 slot: Utility x1 310 | -10/Materials | Build established: Hacker-Mutant 869 | -10/Materials | Identified exit to Subcaves 869 | -10/Materials | Discovered exit to Subcaves (range 4) 951 | -10/Materials | Identified exit to Mines 951 | -10/Materials | Discovered exit to Mines (range 16) 1072 | -10/Materials | Identified exit to Materials 1072 | -10/Materials | Discovered exit to Materials (range 16) 1338 | -10/Materials | Entered Subcaves 1471 | -10/Subcaves | Learned location of Zion (-7) 1471 | -10/Subcaves | Met a Zionite searching for "candidates" 1598 | -10/Subcaves | Learned Materials interactive machine intel 1938 | -10/Subcaves | Disturbed a concealed Subdweller 2706 | -10/Subcaves | Ambushed by Subdweller buried in earth 2829 | -10/Subcaves | Visited Clippyterm 2947 | -10/Subcaves | Visited triangular shrine 2967 | -10/Subcaves | Found Prototype Device 2967 | -10/Subcaves | Identified V3-11A's Pendant 2972 | -10/Subcaves | Befriended Subdweller 3042 | -10/Subcaves | Befriended Subdweller 3066 | -10/Subcaves | Shifting Twisted Machinery released Mak. Power Source 3130 | -10/Subcaves | A swath of the cavern ceiling suddenly collapsed 3212 | -10/Subcaves | Shifting Twisted Machinery released Flamer 3257 | -10/Subcaves | Befriended Subdweller 3267 | -10/Subcaves | Befriended Subdweller 3305 | -10/Subcaves | Shifting Twisted Machinery released Spk. Treads 3376 | -10/Subcaves | Shifting Twisted Machinery released Scrap Shield 3486 | -10/Subcaves | Identified exit to Materials 3486 | -10/Subcaves | Discovered exit to Materials (range 7) 3537 | -10/Subcaves | Befriended Subdweller 3537 | -10/Subcaves | Befriended Subdweller 3537 | -10/Subcaves | Discovered exit to Materials (range 12) 3538 | -10/Subcaves | Shifting Twisted Machinery released Battle Rifle 3723 | -10/Subcaves | Identified exit to Recycling 3723 | -10/Subcaves | Discovered exit to Recycling (range 9) 3760 | -10/Subcaves | Lost 4 allies 4568 | -10/Subcaves | A Subdweller sparked back to life 4568 | -10/Subcaves | A Subdweller sparked back to life 4568 | -10/Subcaves | A Subdweller sparked back to life 4572 | -10/Subcaves | Befriended Subdweller 4572 | -10/Subcaves | Befriended Subdweller 4572 | -10/Subcaves | Befriended Subdweller 5309 | -10/Subcaves | Shifting Twisted Machinery released Sub. Machine Gun 5977 | -10/Subcaves | Befriended Subdweller 6123 | -10/Subcaves | Entered Recycling 6123 | -9/Recycling | Accompanied by 4 allies 6339 | -9/Recycling | Identified exit to Factory 6339 | -9/Recycling | Discovered exit to Factory (range 11) 6706 | -9/Recycling | Lost 3 allies 6778 | -9/Recycling | Found Prototype Protection 6778 | -9/Recycling | Identified Gun Armor 6780 | -9/Recycling | Attached Gun Armor, gained temporary slots: Weapon x2 6989 | -9/Recycling | Lost 3 allies 7106 | -9/Recycling | Build established: Commander-Mutant 7358 | -9/Recycling | Entered Factory 7358 | -7/Factory | Accompanied by 5 allies 7358 | -7/Factory | Evolved 6 slots: Power x1, Propulsion x4, Utility x1 7613 | -7/Factory | Lost 5 allies 7659 | -7/Factory | Identified exit to Lower Caves 7659 | -7/Factory | Discovered exit to Lower Caves (range 11) 7662 | -7/Factory | Build established: Scavenger-Sprinter 7865 | -7/Factory | Entered Lower Caves 8259 | -7/Lower Caves | Identified exit to Lower Caves 8259 | -7/Lower Caves | Discovered exit to Lower Caves (range 13) 8276 | -7/Lower Caves | Entered another Lower Caves area 8342 | -7/Lower Caves | Spotted B-75 Beast 8466 | -7/Lower Caves | Ambushed by wild Derelicts 8535 | -7/Lower Caves | Identified exit to Zion 8535 | -7/Lower Caves | Discovered exit to Zion (range 3) 8535 | -7/Lower Caves | Entered Zion 8613 | -7/Zion | Given the Hacking Drone Bay 8625 | -7/Zion | Received a hallucinogenic algorithm 8707 | -7/Zion | Found GAL Module 8718 | -7/Zion | Given A8's code to call for help 8724 | -7/Zion | Learned location of Quarantine (-3) 8769 | -7/Zion | Found Prototype Launcher 8769 | -7/Zion | Identified Rocket Array 8773 | -7/Zion | Found Prototype Launcher 8773 | -7/Zion | Identified Gui. Missile Launcher 8845 | -7/Zion | Self-destructed Last Messages --------------- 08769_ Identified Rocket Array. 08770_ Dropped Rocket Array. 08772_ Dropped Great Axe. 08773_ Acquired Prototype Launcher. 08773_ Identified Gui. Missile Launcher. 08774_ Dropped Gui. Missile Launcher. 08775_ Acquired Great Axe. 08777_ Acquired Mak. Spear. 08779_ Dropped Flight Unit. 08779_ Acquired Flight Unit. 08786_ Dropped Powered Hammer. 08786_ Acquired Rocket Array. UR-ZAV(z): When I see an Operator, I instinctively shoot every terminal in sight to keep them from reporting me. I admit it sucks when they walk around a corner and use some terminal I didn't see. 08805_ KA-L22(z) examines a few pieces of the Twisted Machinery. [Achievement: Tester] Map ----- +----------------------------------------------------+ | ?????????????????????????????????????????????????? | | ?????????????????????????????????????????????????? | | ?????????????????????????????????????????????????? | | ?????????????????????????????????????????????????? | | ?????????????????????????????????????????????????? | | ?????????????????????????????????????????????????? | | ?????????????????????????????????????????????????? | | ?????????????????????????????????????????????????? | | ?????????????????????????????????????????????????? | | ?????????????????????????????????????????????????? | | ?????????????????????????????????????????????????? | | ?????????????????????????????????????????????????? | | ?????????????????????????????????????????????????? | | ?????????????????????????????????????????????????? | | ????????????????????????####?????????????????????? | | ???????????????????????##" "##???????????????????? | | ??????????????????????##" " #???????????????????? | | ??????????????????????#""c [#???????????????????? | | ??????????????????????#"" " #??????###??????????? | | ??????????????????????##" "##?????#""#"""""?????? | | ???????????????###????# ! ! ##?###""""""""""????? | | ?????????????###"##???# " ! ###""" "" ""???? | | ??????????????"#""##### """] """ "???? | | ??????????????#""""#"""""" "??? | | ??????????????" X""""" ?## | | ??????????????# """" @ """" "#" | | ?????????????## """" "" """"" """ | | ?????????????" """ """"" "" | | ?????????????" """""" ##""" """ | | ?????????????# """"""""""""" #""" """ | | ??????????"""""""""""#"#""""""" """"" "" | | ??????????#####""#####"""" """" """" " | | ??????????????#"##??#"" """ "" " | | ??????????????###???""" """ "" """""" | | ????????????????????"""" "" """"""#""" | | ?????????????????????"""" """""""""" | | ??????????????????????##"" """"" """ | | ??????????????????????##""" """"" """ | | ??????????????????????#"""" "" | | ??????????????????????##"" "" "" | | ??????????????????????#"" """ "" | | ??????????????????????#"" """" "" " """ "" | | ??????????????????????#""" """" "" """""""""" | | ??????????????????????#"""" """" "" """""####" | | ??????????????????????###"" """" "" """"##??## | | ???????????????????????#""" " ""#????? | | ???????????????????????##"" ""#????? | | ???????????????????????#""""""" ""##???? | | ???????????????????????#"""##""" """ """#???? | | ???????????????????????###"#"""" """ """##??? | +----------------------------------------------------+ Best States ------------- Heat Dissipation 61 Energy Generation 25 Energy Capacity 250 Matter Stores 300 Matter Capacity 300 Sight Range 21 Robot Scan Range 15 Terrain Scan Density 10 Corruption Block 8 Armor Coverage 800 Resistance: KI 35 Resistance: TH 35 Resistance: EX 35 Resistance: EM 35 Resistance: I 35 Resistance: S 35 Resistance: P 35 Melee Speed Boost 20 Evasion (%) 65 Targeting Accuracy 5 Offensive Hacking 20 Item Schematics ----------------- Ion Cannon | -9/Recycling | Hacked Imp. Trap Extractor | -9/Recycling | Hacked Adv. Signal Interpreter | -7/Zion | Archive Lyr. Light Armor Plating | -7/Zion | Archive Imp. Carbon-fiber Leg | -7/Zion | Archive Spk. Medium Treads | -7/Zion | Archive Thermic Laser | -7/Zion | Archive Xenon Bombardment Thruster | -7/Zion | Archive Imp. Dynamic Insulation System | -7/Zion | Archive Gatling Laser | -7/Zion | Archive Flexi-carbon Leg | -7/Zion | Archive Imp. Melee Analysis Suite | -7/Zion | Archive 0b10 Decoder Chip [Generic] | -7/Zion | Archive Transmission Jammer | -7/Zion | Archive Lrn. Proton Cannon | -7/Zion | Archive Mak. Flight Unit | -7/Zion | Archive Drone Bay | -7/Zion | Archive Robot Schematics ------------------ W-25 Informer | -7/Zion | Archive A-02 Transporter | -7/Zion | Archive C-17 Slicer | -7/Zion | Archive H-88 Terminator | -7/Zion | Archive Fabricated ------------ Nothing Alien Tech Used ----------------- None Achievements -------------- Tester Challenges ------------ None Game ------ Seed WeightSupercompositeScreen Manual? 0 Play Time 01:09:37 Cumulative 71.9 hours Start 2024.06.25 @ 21:12:40 End 2024.06.25 @ 23:18:54 Sessions 3 Manual Loads 0 Difficulty Explorer Special Mode None Game No. 18 Rogue 0 Adventurer 0 Explorer 18 Win Type - Total 9 Types 5/0/3/0/0/0/0/1/0 Lore% 69 Gallery% 50 Achievement% 61 Wizard Run 0 Options --------- Layout 2 ASCII 0 Keyboard 1 Movement Numpad Keybinds 0 Fullscreen 1 Font 24/Smallcaps Map View 50x44 Zoom Use 0% Tactical HUD 1 Map Filters NONE Filters NONE Steam 1 RUN: 99500764-3aa6-4734-88d6-ca388d7fe7f5